 Dungeon Crawl Stone Soup version 0.17-a0-1373-g64d4c99 (webtiles) character file.

32 sqallbeste the Sneak (level 3, 0/18 HPs)
             Began as a Spriggan Assassin on June 13, 2015.
             Succumbed to an adder's poison
             ... on level 2 of the Dungeon.
             The game lasted 00:03:26 (870 turns).

sqallbeste the Sneak (Spriggan Assassin)             Turns: 870, Time: 00:03:26

Health: 0/18       AC:  3    Str:  7    XL:     3   Next: 10%
Magic:  2/4        EV: 17    Int: 12    God:
Gold:   76         SH:  0    Dex: 18    Spells: 0 memorised, 2 levels left

rFire  . . .     SeeInvis +     a - +2 dagger
rCold  . . .     Clarity  .     c - +0 robe
rNeg   . . .     SustAt   .     (shield restricted)
rPois  .         Gourm    .     (helmet restricted)
rElec  .         Spirit   +     d - +0 cloak
rCorr  .         Warding  .     (gloves unavailable)
rMut   .         Stasis   .     (boots unavailable)
MR     .....                    h - amulet of guardian spirit
Stlth  ++++......               (no ring)
                                o - ring of wizardry

@: lethally poisoned (0 -> -10), very quick, not resistant to hostile
enchantments, stealthy
A: unfitting armour, see invisible, herbivore 3, speed 3, slow metabolism 2
a: no special abilities


You were on level 2 of the Dungeon.
You were not hungry.

You visited 1 branch of the dungeon, and saw 2 of its levels.

You collected 76 gold pieces.

Inventory:

Hand weapons
 a - a +2 dagger (weapon)
 b - a +0 blowgun
Missiles
 e - 8 poisoned needles
 f - 2 curare-tipped needles
Armour
 c - a +0 robe (worn)
 d - a +0 cloak (worn)
Jewellery
 h - an amulet of guardian spirit (around neck)
 o - a ring of wizardry (left hand)
Scrolls
 j - a scroll of remove curse
 k - a scroll of enchant armour {unknown}
 l - a scroll of identify
 m - a scroll of noise {unknown}
 n - a scroll of enchant weapon {unknown}
 p - a scroll of fear {unknown}
Potions
 i - a potion of heal wounds {unknown}
Comestibles
 g - 2 bread rations
 q - 3 fruits


   Skills:
 - Level 1.5 Fighting
 + Level 2.3 Short Blades
 - Level 2.1 Throwing
 + Level 1.5 Dodging
 + Level 7.4 Stealth


You had 2 spell levels left.
You didn't know any spells.

Dungeon Overview and Level Annotations

Branches:
Dungeon (2/15)

Altars:


Innate Abilities, Weirdness & Mutations

You are tiny and cannot use many weapons and most armour.
You have supernaturally acute eyesight.
You are a herbivore.
You cover ground extremely quickly.
You need consume almost no food.


Message History

You are too injured to fight recklessly!
You are too injured to fight recklessly!
You are too injured to fight recklessly!
You are too injured to fight recklessly!
That item cannot be evoked!
You miss the adder.
The adder is lightly wounded.
* * * LOW HITPOINT WARNING * * *
You feel sick. The adder bites you but does no damage.
You hit the adder.
The adder is heavily wounded.
The adder closely misses you.
You hit the adder.
The adder is heavily wounded.
* * * LOW HITPOINT WARNING * * *
You feel sick. The adder closely misses you. The adder bites you.
* * * LOW HITPOINT WARNING * * *
You hit the adder.
The adder is almost dead.
You die...

.........8.......####
#..?#..8.8..........
#....$8._.8.........
#......8.8..........
#...#$..8...###.....
#.........#.......
#.......#.#....#+#
##+###.......#.#....
# #.....@.†....#.#
+....S.....[.+..
#............#
..........##.....
........#.. .....
........#.........
........#.........
####.####........


You could see an adder.

Vanquished Creatures
  An adder (D:2)
  An ooze (D:2)
  A giant gecko (D:1)
  A ball python (D:1)
  3 bats (D:1)
  A goblin (D:1)
  2 hobgoblins
  3 kobolds (D:1)
  6 rats (D:1)
19 creatures vanquished.

Notes
Turn   | Place    | Note
--------------------------------------------------------------
     0 | D:1      | sqallbeste the Spriggan Assassin began the quest for the Orb.
     0 | D:1      | Reached XP level 1. HP: 10/10 MP: 2/2
    32 | D:1      | Reached skill level 6 in Stealth
   330 | D:1      | Reached XP level 2. HP: 14/14 MP: 3/3
   750 | D:1      | Reached skill level 7 in Stealth
   841 | D:2      | Found a faded altar to an unknown god.
   863 | D:2      | Reached XP level 3. HP: 11/18 MP: 2/4
   870 | D:2      | Succumbed to an adder's poison

Vault maps used:
D:1:      minmay_arrival_stair_chambers, minmay_quantized
D:2:      ecumenical_altar_2, corexii_hall_statues_l

Action                   || total
-------------------------++-------
Melee: Dagger            ||    41
  Use: Scroll            ||     1
 Stab: Sleeping          ||    14
